 Dungeon Crawl Stone Soup version 0.24-a0-493-g7e4ddcd485 (webtiles) character file.

Game seed: 3332057292683170844

256 KristoblXynda the Slasher (level 5, 0/45 HPs)
             Began as a Draconian Gladiator on July 12, 2019.
             Succumbed to a scorpion's poison
             ... on level 4 of the Dungeon.
             The game lasted 00:04:05 (3305 turns).

KristoblXynda the Slasher (Draconian Gladiator)     Turns: 3305, Time: 00:04:05

Health: 0/45       AC:  5    Str: 16    XL:     5   Next: 92%
Magic:  14/14      EV: 13    Int:  9    God:
Gold:   182        SH:  4    Dex: 13    Spells: 4/4 levels left

rFire    . . .     SeeInvis .   a - +0 long sword
rCold    . . .     Gourm    .   i - +0 buckler
rNeg     . . .     Faith    .   (armour unavailable)
rPois    .         Spirit   .   b - +0 hat
rElec    .         Reflect  .   f - scarf {cloud immunity}
rCorr    .         Harm     .   (no gloves)
MR       .....                  (no boots)
Stlth    +.........             (no amulet)
HPRegen  0.15/turn              e - ring of magical power
MPRegen  0.14/turn              g - ring of wizardry

@: lethally poisoned (0 -> -9)
A: unfitting armour, cold-blooded, AC +5
a: no special abilities


You were on level 4 of the Dungeon.
You were completely stuffed.

You visited 1 branch of the dungeon, and saw 4 of its levels.

You collected 182 gold pieces.

Inventory:

Hand Weapons
 a - a +0 long sword (weapon)
Missiles
 c - 2 throwing nets (quivered)
Armour
 b - a +0 hat (worn)
 f - a scarf of cloud immunity (worn)
 i - a +0 buckler (worn)
Jewellery
 e - a ring of magical power (left hand)
 g - a ring of wizardry (right hand)
 k - an uncursed ring of ice
Scrolls
 h - a scroll of enchant weapon {unknown}
 j - a scroll of magic mapping {unknown}
 n - a scroll of immolation {unknown}
 o - a scroll of fear {unknown}
Comestibles
 d - 6 rations


   Skills:
 - Level 3.0 Fighting
 * Level 5.1 Long Blades
 - Level 2.0 Throwing
 + Level 3.7 Dodging
 + Level 1.7 Shields


You had 4 spell levels left.
You didn't know any spells.
Your spell library was empty.

Dungeon Overview and Level Annotations

Branches:
Dungeon (4/15)
 Temple: D:4-7

Altars:


Innate Abilities, Weirdness & Mutations

Your plain brown scales are hard. (AC +5)
You cannot fit into any form of body armour.
You are cold-blooded and may be slowed by cold attacks.


Message History

Your Long Blades skill increases to level 5!
* * * LOW HITPOINT WARNING * * *
You feel sick. The goblin closely misses you.
A goblin comes into view. It is wielding a +0 club.
* * * LOW HITPOINT WARNING * * *
You feel sick.
* * * LOW HITPOINT WARNING * * *
You feel sick.
You aren't carrying any potions.
Unknown command.
You aren't carrying any items that you can evoke.
Unknown command.
Okay, then.
You eat one of the 8 rations.
That ration really hit the spot!
* * * LOW HITPOINT WARNING * * *
You feel sick. The goblin hits you with a +0 club.
* * * LOW HITPOINT WARNING * * *
Unknown command.
You eat one of the 7 rations.
That ration really hit the spot!
You die...

#########
#........
#@#
#g#####


#Hg.gg# #g###g# #g# #.# ... .!. #.g.. You could see a hippogriff, 2 hobgoblins
and 2 goblins.

Vanquished Creatures
  A scorpion (D:4)
  An orc wizard (D:3)
  7 gnolls
  4 adders
  An ooze (D:3)
  A worm (D:3)
  2 dart slugs
  4 leopard geckos
  4 orcs (D:3)
  2 giant cockroaches
  2 hobgoblins (D:1)
  3 jackals (D:3)
  8 kobolds
  2 ball pythons (D:3)
  5 bats
  4 frilled lizards (D:3)
  8 goblins
  4 rats
63 creatures vanquished.

Notes
Turn   | Place    | Note
-------+----------+-------------------------------------------
     0 | D:1      | KristoblXynda the Draconian Gladiator began the quest for
                  | the Orb.
     0 | D:1      | Reached XP level 1. HP: 17/17 MP: 1/1
   407 | D:1      | Reached XP level 2. HP: 20/24 MP: 2/2
   779 | D:1      | You fall into a shaft and drop 1 floor!
   808 | D:2      | Reached XP level 3. HP: 30/30 MP: 3/3
  1162 | D:2      | Reached skill level 4 in Long Blades
  1164 | D:2      | Reached XP level 4. HP: 22/37 MP: 4/4
  2254 | D:3      | Reached XP level 5. HP: 45/45 MP: 5/5
  2275 | D:3      | Reached skill level 1 in Shields
  3290 | D:4      | Noticed a hippogriff
  3301 | D:4      | Reached skill level 5 in Long Blades
  3304 | D:4      | HP: 1/45 [goblin/+0 club[Robin] (3)]
  3305 | D:4      | Succumbed to a scorpion's poison

Levels and vault maps discovered:
D:1:      lightli_arrival_maybe_door_vault, layout_basic
D:2:      layout_rooms
D:3:      layout_basic, first_ration
D:4:      layout_basic, uniq_natasha, uniq_robin, uniq_sigmund

Skill      XL: |  1  2  3  4  5 |
---------------+----------------+-----
Throwing       | 2 |  2.0
Dodging        | 3 |  3.7
Long Blades    | 4 5 |  5.1
Fighting       | 3 |  3.0
Shields        | 1 |  1.7

Action                   |  1- 3 |  4- 6 || total
-------------------------+-------+-------++-------
Melee: Long sword        |    52 |   113 ||   165
       Tailslap          |     5 |    15 ||    20
Throw: Throwing net      |       |     2 ||     2
  Use: Scroll            |       |     2 ||     2
       Potion            |       |     1 ||     1
 Stab: Sleeping          |     1 |       ||     1
  Eat: Chunk             |       |     3 ||     3
       Ration            |       |     4 ||     4
Armor: Skin              |    14 |    31 ||    45
Dodge: Dodged            |    53 |    83 ||   136
Block: Buckler           |       |    19 ||    19
       Rpst.: Long sword |    19 |    30 ||    49

Table legend:
 A = Non-vault XP
 B = Vault XP
 C = Vault XP percentage of total XP
 D = Non-vault monster count
 E = Vault monster count
 F = Vault count percentage of total count
                 A         B        C        D         E       F
            +---------+---------+-------+---------+---------+-------
      Total |     366 |       0 |   0.0 |      63 |       0 |   0.0
            +---------+---------+-------+---------+---------+-------
        D:1 |      37 |       0 |   0.0 |      20 |       0 |   0.0
        D:2 |     104 |       0 |   0.0 |      16 |       0 |   0.0
        D:3 |     153 |       0 |   0.0 |      26 |       0 |   0.0
        D:4 |      72 |       0 |   0.0 |       1 |       0 |   0.0
            +---------+---------+-------+---------+---------+-------
